 Dungeon Crawl Stone Soup version 0.30-b1-2-g02819fbbbe (webtiles) character file.

Game seed: 2523394613462636414

850 Armakuni the Trooper (level 7, -2/45 HPs)
             Began as a Deep Elf Wanderer on May 18, 2023.
             Was an Initiate of Gozag.
             Succumbed to a kobold brigand's poison
             ... on level 5 of the Dungeon on May 19, 2023.
             The game lasted 00:19:13 (3787 turns).

Armakuni the Trooper (Deep Elf Wanderer)            Turns: 3787, Time: 00:19:14

Health: -2/45      AC:  4    Str:  9    XL:     7   Next: 69%
Magic:  7/11       EV: 10    Int: 16    God:    Gozag
Gold:   279        SH:  0    Dex: 23    Spells: 5/9 levels left

rFire   . . .        b - +2 flail (venom)
rCold   . . .        (no shield)
rNeg    . . .        c - +0 leather armour {Will+}
rPois   .            (no helmet)
rElec   .            (no cloak)
rCorr   .            l - +0 pair of gloves
SInv    .            (no boots)
Will    +....        (no amulet)
Stlth   ++           D - +6 ring of dexterity
HPRegen 0.27/turn    (no ring)
MPRegen 0.12/turn

%: no passive effects
@: lethally poisoned (-2 -> -13), gold aura
A: no striking features
a: Renounce Religion, Potion Petition, Call Merchant, Bribe Branch


You were on level 5 of the Dungeon.
You worshipped Gozag.
Gozag was aware of your devotion.
You visited 2 branches of the dungeon, and saw 6 of its levels.

You collected 336 gold pieces.
You paid 57 gold pieces to Gozag.

Inventory:

Hand Weapons
 a - a +0 rapier
 b - a +2 flail of venom (weapon)
 k - a +0 quarterstaff
 o - a +0 shortbow
Armour
 c - a +0 leather armour of willpower (worn)
 l - a +0 pair of gloves (worn)
Jewellery
 D - a +6 ring of dexterity (left hand)
Potions
 g - a potion of brilliance


   Skills:
 - Level 5.9 Fighting
 - Level 3.1 Short Blades
 - Level 1.2 Stealth
 - Level 1.5 Spellcasting
 - Level 5.0 Ice Magic
 + Level 4.2 Evocations


You had 5 spell levels left.
You knew the following spells:

 Your Spells              Type           Power      Damage    Failure   Level
o - Ozocubu's Armour      Ice            17%        N/A       12%         3
z - Freeze                Ice            68%        1d8       4%          1

Your spell library contained the following spells:

 Spells                   Type           Power      Damage    Failure   Level
 Hailstorm                Conj/Ice       9%         3d4       32%         3
 Gell's Gravitas          Tloc           1%         N/A       67%         3
 Teleport Other           Tloc           1%         N/A       67%         3
 Dispersal                Tloc           0%         N/A       100%        6


Dungeon Overview and Level Annotations

Branches:
Dungeon (5/15)             Temple (1/1) D:4

Altars:
Ashenzari
Cheibriados
Dithmenos
Elyvilon
Fedhas
Gozag
Hepliaklqana
Kikubaaqudgha
Makhleb
Nemelex Xobeh
Qazlal
Ru
Sif Muna
Uskayaw
Vehumet
Yredelemnul
Zin

Shops:
D:2 =

Annotations:
D:2 Robin


Message History

Unknown command.
Aiming: Iceblast
Press: ? - help, Shift-Dir - straight line The mass of ice explodes!
The iceblast engulfs the kobold brigand!
The kobold brigand is heavily wounded.
The kobold brigand throws a poisoned dart.
The poisoned dart hits you!
You are poisoned.
Aiming: Iceblast
Press: ? - help, Shift-Dir - straight line The mass of ice explodes!
The iceblast engulfs the kobold brigand!
The kobold brigand is severely wounded.
The now-empty wand crumbles to dust.
* * * LOW HITPOINT WARNING * * *
You feel sick.
The kobold brigand throws a poisoned dart.
The poisoned dart hits you!
You are lethally poisoned!
Okay, then.
Okay, then.
Unknown command.
You now have 279 gold pieces (gained 6).
* * * LOW HITPOINT WARNING * * *
You feel very sick.
Your icy armour will break if you move.
Continue?
Okay, then.
Unknown command.
Throw: dart (poison)
Press: ? - help, Q - select action, (/) - cycle Shift-Dir - straight line, f - kobold brigand
Aim: a kobold brigand, wielding a +0 club and quivering poisoned darts (severely wounded, 59% to hit)
You throw a poisoned dart.
The poisoned dart barely misses the kobold brigand.
* * * LOW HITPOINT WARNING * * *
You feel very sick.
Your icy armour will break if you move.
Continue?
Your icy armour cracks and falls away as you move.
You die...
Your body crumbles into a pile of gold.

.#
#.#.#....#........
.#
#.#.#..#.#$(####.#
.. #.#.#..#~#$.#
... #.#.#..~~#(.##
#..~≈##..#
##~~~≈#$.#
..~~≈≈#$.#
#.~~~≈#.$#
...~~##)@#
#..~~#$$## ...~
#..# ... #..## ...
#.K# #g# #..#~#
#.# #..#~~##.#
#(.#~~~#.#
..##≈~~#.#


You could see a kobold brigand.

Vanquished Creatures
  Edmund (D:5)
  A black bear (D:4)
  An ogre (D:5)
  A centaur (D:5)
  A phantom (D:5)
  A kobold brigand (D:5)
  3 scorpions (D:5)
  A howler monkey (D:5)
  4 adders
  A shadow imp (D:5)
  A white imp (D:5)
  An ufetubus (D:4)
  A dart slug (D:1)
  5 ball pythons
  2 endoplasms
  4 giant cockroaches
  3 goblins
  8 hobgoblins
  3 quokkas
  10 bats
  5 frilled lizards
  12 kobolds
  7 rats
77 creatures vanquished.

Vanquished Creatures (others)
  A plant (D:1)
1 creature vanquished.

Grand Total: 78 creatures vanquished

Notes
Turn   | Place    | Note
-------+----------+-------------------------------------------
     0 | D:1      | Armakuni the Deep Elf Wanderer began the quest for the Orb.
     0 | D:1      | Armakuni set off with the following items: a +0 short
                  | sword, a +0 pair of gloves, a potion of haste, a +0 robe;
                  | and the following spell memorised: Freeze; and the
                  | following spells available to memorise: Ozocubu's Armour,
                  | Hailstorm.
     0 | D:1      | Reached XP level 1. HP: 12/12 MP: 5/5
   146 | D:1      | Reached XP level 2. HP: 17/17 MP: 6/6
   598 | D:1      | Reached XP level 3. HP: 22/22 MP: 5/7
  1076 | D:2      | Learned a level 3 spell: Ozocubu's Armour
  1267 | D:2      | Noticed Robin
  1336 | D:2      | Found Yrcheemoe's Jewellery Shop.
  1452 | D:3      | Reached XP level 4. HP: 28/28 MP: 5/8
  1978 | D:4      | Found a staircase to the Ecumenical Temple.
  1984 | Temple   | Entered the Ecumenical Temple
  2180 | Temple   | Became a worshipper of Gozag Ym Sagoz the Greedy
  2237 | D:4      | Noticed a black bear
  2451 | D:5      | Entered Level 5 of the Dungeon
  2451 | D:5      | Noticed a scorpion
  2468 | D:5      | Killed a scorpion
  2469 | D:5      | Reached XP level 5. HP: 23/33 MP: 9/9
  2513 | D:5      | Noticed an ogre
  2520 | D:5      | Found a stormy altar of Qazlal.
  2712 | D:5      | Reached XP level 6. HP: 39/39 MP: 8/10
  2787 | D:4      | Reached skill level 5 in Ice Magic
  2792 | D:4      | Found a white marble altar of Elyvilon.
  2945 | D:5      | Reached skill level 5 in Fighting
  3148 | D:5      | Reached XP level 7. HP: 44/45 MP: 8/11
  3282 | D:5      | Found a glowing silver altar of Zin.
  3537 | D:5      | Found a burning altar of Makhleb.
  3537 | D:5      | Found a basalt altar of Yredelemnul.
  3724 | D:5      | Noticed Edmund
  3768 | D:5      | Killed Edmund
  3786 | D:5      | HP: 1/45 [poisoned by a kobold brigand]
  3787 | D:5      | Succumbed to a kobold brigand's poison

Illustrated notes

Levels and vault maps discovered:
D:1:      moated_graveyard_arrival, layout_loops_ring, serial_bayou_pond_a
D:2:      layout_rooms, serial_shops, shop, uniq_robin
D:3:      layout_rooms
D:4:      layout_basic, mainiacjoe_overflow_alcove_2,
          minmay_temple_entry_purple_smoke
D:5:      cheibrodos_thug_alley, layout_basic, zin_treasury,
          nicolae_overflow_hidden_temple, gammafunk_temple_overflow_wave,
          grunt_qazlal_sundering, roderic_lattice_a, uniq_edmund
Temple:   nicolae_temple_slightly_damp_pantheon

Skill      XL: |  1  2  3  4  5  6  7 |
---------------+----------------------+-----
Fighting       | 2 3 4 5 |  5.9
Ice Magic      | 4 5 |  5.0
Evocations     | 4 |  4.2
Short Blades   | |  3.1
Stealth        | |  1.2
Spellcasting   | |  1.5

Action                     |  1- 3 |  4- 6 |  7- 9 || total
---------------------------+-------+-------+-------++-------
  Melee: Rapier            |    50 |    31 |    13 ||    94
         Flail             |       |     5 |    28 ||    33
         Punch             |       |     1 |       ||     1
  Throw: Dart              |       |    10 |    10 ||    20
   Cast: Freeze            |    41 |    15 |       ||    56
         Ozocubu's Armour  |       |     3 |     5 ||     8
  Evoke: Wand              |       |       |     6 ||     6
    Use: Potion            |     1 |     5 |     2 ||     8
         Scroll            |     6 |     4 |     1 ||    11
   Stab: Sleeping          |     5 |     2 |       ||     7
         Distracted        |       |     1 |       ||     1
 Armour: Robe              |    25 |     3 |       ||    28
         Leather armour    |       |    10 |    25 ||    35
  Dodge: Dodged            |    50 |    32 |    28 ||   110
